 Dungeon Crawl Stone Soup version 0.18-a0-1497-g788d838 (webtiles) character file.

70 SlimeFever the Skirmisher (level 4, -1/36 HPs)
             Began as a Demonspawn Abyssal Knight on Mar 4, 2016.
             Was a Believer of Lugonu.
             Slain by Sigmund
             ... wielding a +0 scythe
              (9 damage)
             ... on level 2 of the Dungeon.
             The game lasted 00:09:36 (1079 turns).

SlimeFever the Skirmisher (DsAK)                    Turns: 1079, Time: 00:09:36

Health: -1/36      AC:  4    Str: 13    XL:     4   Next: 4%
Magic:  6/6        EV:  7    Int: 13    God:    Lugonu [**....]
Gold:   43         SH: 12    Dex: 13    Spells: 0 memorised, 3 levels left

rFire  . . .     SeeInvis .     a - +1 hand axe
rCold  . . .     Gourm    .     b - +1 leather armour
rNeg   . . .     Faith    .     j - +1 large shield
rPois  .         Spirit   .     (no helmet)
rElec  .         Dismiss  .     (no cloak)
rCorr  .         Reflect  .     (no gloves)
SustAt .         Harm     .     (no boots)
MR     .....                    (no amulet)
Stlth  +.........               (no ring)
                                (no ring)

@: not resistant to hostile enchantments, very unstealthy
A: hooves 1
a: Depart the Abyss, Bend Space, Renounce Religion


You were on level 2 of the Dungeon.
You worshipped Lugonu.
Lugonu was pleased with you.
You were very hungry.

You visited 1 branch of the dungeon, and saw 2 of its levels.
You visited the Abyss 1 time.

You collected 43 gold pieces.

Inventory:

Hand Weapons
 a - a +1 hand axe (weapon)
Missiles
 d - 23 arrows
Armour
 b - a +1 leather armour (worn)
 g - a +0 ring mail
 j - a +1 large shield (worn)
Scrolls
 e - a scroll of teleportation
Potions
 h - a potion of agility {unknown}
 l - a potion of degeneration {unknown}
 m - a potion of flight {unknown}
Comestibles
 c - a bread ration
 f - a meat ration
 k - 2 slices of pizza


   Skills:
 + Level 3.6 Fighting
 * Level 2.0 Axes
 + Level 2.1 Armour
 + Level 1.9 Dodging
 * Level 1.0 Shields
 + Level 2.7 Invocations


You had 3 spell levels left.
You didn't know any spells.

Dungeon Overview and Level Annotations

Branches:
Dungeon (2/15)

Altars:

Annotations:
D:2 Sigmund


Innate Abilities, Weirdness & Mutations

You have large cloven feet.


Message History

You block the bat's attack.
You hear some strange, mumbled words.
Something tries to affect you, but you resist.
You block the bat's attack. The bat hits you but does no damage.
You block the bat's attack. The bat barely misses you.
The bat hits you but does no damage. You block the bat's attack.
The bat hits you. You block the bat's attack.
The bat hits you but does no damage. Something hits you!
You block the bat's attack. The bat hits you but does no damage.
You hit the bat.
The bat is severely wounded.
You block the bat's attack. Something hits you.
* * * LOW HITPOINT WARNING * * *
Your shield prevents you from hitting something.
You kick something. Something hits you but does no damage.
You hit something. Something hits you!
You die...

### ### #######.# #######.#
#.......# #.......# #.#####.#
#.#####.# #.# #.# #.# #.# #.#
#.#######.# #.# #.#####.........#
#.# #.........###########.#
#..........@........#.#
#.........#########.#.#
#.........####### #.#.#
#......[........# #.#.#
#.###...........# #.#.#
........##...........# #.#.#
........##....######.###.#.#
........##............##.#.#
........##....######..##.#.######


There were no monsters in sight!

Vanquished Creatures
  2 adders (D:2)
  An ooze (D:1)
  A dart slug (D:1)
  2 giant geckos
  5 goblins
  3 hobgoblins
  7 jackals
  6 kobolds
  A ball python (D:2)
  7 bats
  2 giant newts (D:1)
  3 rats (D:1)
40 creatures vanquished.

Notes
Turn   | Place    | Note
--------------------------------------------------------------
     0 | Abyss:1  | SlimeFever the Demonspawn Abyssal Knight began the quest for the Orb.
     0 | Abyss:1  | Reached XP level 1. HP: 18/18 MP: 2/2
    90 | Abyss:1  | Noticed a stone giant simulacrum
   132 | Abyss:1  | Noticed a tentacled starspawn
   133 | Abyss:1  | Noticed a giant orange brain
   136 | D:1      | Escaped the Abyss
   150 | D:1      | Reached skill level 1 in Dodging
   152 | D:1      | Reached * piety under Lugonu
   155 | D:1      | Gained mutation: You have large cloven feet. [demonic ancestry]
   155 | D:1      | Reached XP level 2. HP: 13/24 MP: 3/3
   414 | D:1      | Reached XP level 3. HP: 26/29 MP: 3/5
   662 | D:2      | Reached ** piety under Lugonu
   824 | D:2      | Reached skill level 1 in Shields
   951 | D:2      | Reached XP level 4. HP: 17/36 MP: 6/6
  1056 | D:2      | Noticed Sigmund
  1079 | D:2      | Slain by Sigmund

Vault maps used:
D:1:      mrwooster_arrival_arrow
D:2:      lemuel_zombie_altar_yredelemnul, lemuel_tele_altar, uniq_sigmund,
          uniq_terence

Skill      XL: |  1  2  3 |
---------------+----------+-----
Dodging        | 1 |  1.9
Armour         | 2 |  2.1
Axes           | 2 |  2.0
Shields        | 1 |  1.0
Fighting       | |  3.6
Invocations    | |  2.7

Action                   |  1- 3 |  4- 6 || total
-------------------------+-------+-------++-------
Melee: Hand axe          |   157 |    11 ||   168
Invok: Depart the Abyss  |     1 |       ||     1
  Use: Scroll            |     5 |       ||     5
       Potion            |     1 |       ||     1
